 Seeded DCSS version 0.30-a0-996-ga6910c8ee8 (webtiles) character file.

Game seed: 867545678909876543 (custom seed)

9689 Ghostmaker01 the Protected (level 11, -2/99 HPs)
             Began as a Minotaur Fighter on Apr 4, 2023.
             Was a Believer of Ru.
             Slain by a sun demon (14 damage)
             ... summoned by a kobold demonologist
             ... on level 11 of the Dungeon.
             The game lasted 00:22:34 (9227 turns).

Ghostmaker01 the Protected (Minotaur Fighter)       Turns: 9227, Time: 00:22:35

Health: -2/99      AC: 17    Str: 25    XL:     11   Next: 26%
Magic:  10/10      EV:  8    Int:  5    God:    Ru [**....]
Gold:   681        SH:  0    Dex: 10    Spells: 10/10 levels left

rFire   x . .      SeeInvis .    M - +5 battleaxe (heavy)
rCold   + . .      Faith    .    (shield currently unavailable)
rNeg    . . .      Spirit   .    H - +0 plate armour
rPois   .          Reflect  .    (helmet restricted)
rElec   .          Rampage  .    s - +0 cloak
rCorr   .                        (no gloves)
Will    .....                    B - +0 pair of boots Stlth
                                 G - amulet of regeneration
HPRegen 1.16/turn                Q - ring of ice
MPRegen 0.12/turn                (no ring)

@: slowed, unable to read, very slow
A: horns 2, inability to read after injury 2, missing an eye, retaliatory
headbutt
a: Renounce Religion


You were on level 11 of the Dungeon.
You worshipped Ru.
Ru was pleased with you.
You visited 3 branches of the dungeon, and saw 13 of its levels.
You also visited: Bailey.

You collected 681 gold pieces.

Inventory:

Hand Weapons
 d - the +5 trident of Exifay {protect, rPois rN+ Str+2 Stlth+}
   (You found it on level 3 of the Dungeon)

   Str:       It affects your strength (+2).
   rPois:     It protects you from poison.
   rN:        It protects you from negative energy.
   Stlth:     It makes you more stealthy.
 L - a +5 war axe
 M - a +5 heavy battleaxe (weapon)
Missiles
 k - 6 atropa-tipped darts (quivered)
Armour
 c - a +0 buckler
 s - a +0 cloak (worn)
 B - a +0 pair of boots (worn)
 F - a +0 chain mail
 H - a +0 plate armour (worn)
Jewellery
 G - an amulet of regeneration (around neck)
 Q - a ring of ice (left hand)
Wands
 u - a wand of iceblast (30)
 w - a wand of paralysis (9)
 N - a wand of mindburst (15)
 P - a wand of quicksilver (1)
Scrolls
 b - 2 scrolls of torment {unknown}
 e - 3 scrolls of magic mapping
 i - a scroll of acquirement {unknown}
 l - a scroll of enchant armour {unknown}
 p - 2 scrolls of blinking
 q - 2 scrolls of fog {unknown}
 t - 2 scrolls of noise {unknown}
 v - 2 scrolls of amnesia {unknown}
 z - a scroll of butterflies {unknown}
 C - 6 scrolls of teleportation
 I - a scroll of vulnerability {unknown}
 J - 2 scrolls of poison {unknown}
 O - a scroll of immolation {unknown}
Potions
 f - 5 potions of heal wounds
 h - a potion of haste
 j - 6 potions of curing
 m - 3 potions of invisibility
 n - 5 potions of attraction
 o - 5 potions of mutation
 r - a potion of brilliance {unknown}
 x - a potion of ambrosia {unknown}
 A - 2 potions of lignification {unknown}
 D - 3 potions of flight {unknown}
 E - 2 potions of cancellation {unknown}
 K - a potion of degeneration {unknown}


   Skills:
 + Level 9.9 Fighting
 + Level 10.7(12.4) Axes
 + Level 10.1(12.1) Polearms
 + Level 10.9 Armour
 + Level 3.2 Dodging
 + Level 1.1 Stealth
 + Level 6.6 Shields
 + Level 0.5 Evocations


You had 10 spell levels left.
You didn't know any spells.
Your spell library contained the following spells:

 Spells                   Type           Power      Damage    Failure   Level
 Kiss of Death            Conj/Necr      0%         2d5       99%         1
 Magic Dart               Conj           0%         1d3       99%         1
 Call Imp                 Summ           0%         N/A       100%        2
 Cigotuvi's Dreadful Rot  Necr/Pois/Air  0%         N/A       100%        2
 Passwall                 Tmut/Erth      0%         N/A       100%        2
 Poisonous Vapours        Pois/Air       0%         N/A       100%        2
 Sublimation of Blood     Necr           0%         N/A       100%        2
 Inner Flame              Hex/Fire       0%         N/A       100%        3
 Mephitic Cloud           Conj/Pois/Air  0%         N/A       100%        3
 Animate Dead             Necr           0%         N/A       100%        4
 Petrify                  Tmut/Erth      0%         N/A       100%        4
 Borgnjor's Vile Clutch   Necr/Erth      0%         N/A       100%        5
 Irradiate                Conj/Tmut      0%         3d11      100%        5
 Death Channel            Necr           0%         N/A       100%        6


Dungeon Overview and Level Annotations

Branches:
Dungeon (11/15)            Temple (1/1) D:7            Lair (1/5) D:10
 Bailey (visited)
    Orc: D:9-12

Altars:
Ashenzari
Cheibriados
Dithmenos
Elyvilon
Fedhas
Gozag
Hepliaklqana
Kikubaaqudgha
Makhleb
Nemelex Xobeh
Okawaru
Qazlal
Ru
Sif Muna
Trog
Uskayaw
Vehumet
Wu Jian
Xom
The Shining One

Shops:
D:2 [*?:   D:3 [

Annotations:
D:8 3 runed translucent doors
Temple 2 transporters
Lair:1 Amaemon


Innate Abilities, Weirdness & Mutations

You have a pair of horns on your head.
You sometimes lose the ability to read scrolls when taking damage.
You are missing an eye, making it more difficult to aim.
You reflexively headbutt those who attack you in melee.


Message History

The kobold demonologist mumbles some strange words.
You slice the kobold demonologist!!
Your headbutt misses the kobold demonologist.
The kobold demonologist is almost dead.
You closely miss the chaos spawn.
You feel very sick. The chaos spawn closely misses you.
The chaos spawn gores you.
You easily resist.
The kobold demonologist hits you but does no damage.
The kobold demonologist mumbles some strange words.
The chaos spawn hits you. The chaos spawn freezes you. You resist.
You focus your inner power and blind the chaos spawn in retribution!
You closely miss the kobold demonologist.
Your headbutt misses the kobold demonologist.
The kobold demonologist is severely wounded.
You slice the kobold demonologist!!
You kill the kobold demonologist!
You completely miss the iron imp. You closely miss the chaos spawn.
You feel sick.
The kobold demonologist hits you but does no damage.
The chaos spawn gores you but does no damage.
The iron imp barely misses you. The smoke demon gestures at you.
The ball of steam hits the kobold!!
The kobold dies!
The ball of steam hits you. The steam scalds you terribly!
The chaos spawn gores you. The chaos spawn shocks you.
You feel threatened and lose the ability to read scrolls!
The iron imp hits you!
You are engulfed in a cloud of scalding steam.
You feel sick.
You are no longer poisoned.
The sun demon hits you!
You are engulfed in flames!!
The fire burns you terribly!
* * * LOW HITPOINT WARNING * * *
The kobold brigand barely misses you.
The kobold demonologist hits you with a +0 dagger.
* * * LOW HITPOINT WARNING * * *
The sun demon hits you!
You die...

#.......#
#.......#
#.......#
#.......##
#........#
###...ยงยง...#
.......3.K5#
......53@4.#
......5K####
......KK#
........#
........#
..#####.# .
#(# #...#
#...#


You could see a sun demon (summoned), a kobold demonologist, a smoke demon
(summoned), a chaos spawn (summoned, blind), a kobold brigand, 2 iron imps, a
white imp (summoned) and 2 kobolds.

Vanquished Creatures
  A two-headed ogre (D:8)
  Pikel (D:8)
  Maurice (D:10)
  3 kobold demonologists
  An orange demon (D:10)
  A wraith (D:9)
  4 wyverns
  Eustachio (D:5)
  6 yaks (D:10)
  A basilisk (D:10)
  Menkaure (D:5)
  2 steam dragons
  2 acid dragons
  A water moccasin (D:8)
  Duvessa (D:5)
  11 orc warriors
  2 black bears
  2 ice beasts
  2 ogres (D:8)
  4 centaurs
  A lemure (D:8)
  3 phantoms
  2 kobold brigands
  2 bullfrogs
  A scorpion (D:4)
  2 gnoll sergeants (D:8)
  8 wights
  Dowan (D:5)
  6 killer bees (D:9)
  An electric eel (Bailey)
  A howler monkey (D:9)
  9 hounds
  5 jellies
  A sleepcap (D:5)
  5 orc priests
  3 iguanas
  11 orc wizards
  10 gnolls
  8 adders
  A white imp (D:8)
  An ufetubus (D:6)
  2 worms (D:3)
  A dart slug (D:7)
  89 orcs
  16 endoplasms
  4 giant cockroaches
  10 goblins
  5 hobgoblins
  2 quokkas (D:3)
  4 ball pythons
  6 bats
  6 frilled lizards
  25 kobolds
  A rat (D:2)
301 creatures vanquished.

Vanquished Creatures (others)
  A troll (D:9)
  A wyvern (D:9)
  A kobold (D:11)
  6 fungi
  A plant (D:10)
  5 toadstools (D:2)
15 creatures vanquished.

Grand Total: 316 creatures vanquished

Notes
Turn   | Place    | Note
-------+----------+-------------------------------------------
     0 | D:1      | Ghostmaker01 the Minotaur Fighter began the quest for the
                  | Orb.
     0 | D:1      | Reached XP level 1. HP: 19/19 MP: 0/0
   356 | D:1      | Reached XP level 2. HP: 26/27 MP: 1/1
   964 | D:2      | Reached XP level 3. HP: 29/33 MP: 2/2
   967 | D:2      | Reached XP level 4. HP: 33/40 MP: 3/3
  1194 | D:2      | Found a shadowy altar of Dithmenos.
  1265 | D:2      | Reached XP level 5. HP: 44/47 MP: 4/4
  1331 | D:2      | Found Hyjatux's Assorted Antiques.
  1402 | D:2      | Found Etimosapp's Antique Armour Shop.
  1564 | D:2      | Found Pexunn's Book Shop.
  1582 | D:2      | Found Rosamoss's Magic Scroll Emporium.
  2100 | D:3      | Reached skill level 5 in Axes
  2157 | D:3      | Identified the +5 trident of Exifay {protect, rPois rN+
                  | Str+2 Stlth+}
  2168 | D:3      | Reached skill level 5 in Armour
  2191 | D:3      | Reached skill level 1 in Dodging
  2191 | D:3      | Reached XP level 6. HP: 8/53 MP: 5/5
  2580 | D:3      | Found Fownuum's Armour Emporium.
  2904 | D:4      | Reached skill level 1 in Polearms
  3129 | D:4      | Reached XP level 7. HP: 56/60 MP: 6/6
  3220 | D:4      | You fall into a shaft and drop 1 floor!
  3220 | D:5      | Entered Level 5 of the Dungeon
  3231 | D:5      | Reached skill level 5 in Fighting
  3295 | D:5      | Reached skill level 5 in Polearms
  3400 | D:5      | Reached XP level 8. HP: 67/69 MP: 7/7
  3586 | D:5      | Noticed Eustachio
  3614 | D:5      | Killed Eustachio
  3803 | D:5      | Noticed Duvessa
  3803 | D:5      | Noticed Dowan
  3821 | D:5      | Killed Duvessa
  3828 | D:5      | Killed Dowan
  3829 | D:5      | Reached skill level 5 in Shields
  3895 | D:5      | Noticed Menkaure
  3901 | D:5      | Killed Menkaure
  5120 | D:6      | Reached XP level 9. HP: 52/78 MP: 8/8
  5413 | D:7      | Found a flagged portal.
  5469 | Bailey   | Entered a bailey
  5580 | Bailey   | Noticed an orc knight
  5586 | Bailey   | Noticed a kobold demonologist
  5593 | Bailey   | Noticed a smoke demon
  5595 | Bailey   | HP: 3/79 [something/ball of steam[a kobold demonologist]
                  | (26)]
  5722 | D:7      | Found a snail-covered altar of Cheibriados.
  5833 | D:7      | Found a staircase to the Ecumenical Temple.
  5930 | Temple   | Entered the Ecumenical Temple
  5930 | Temple   | Found a transporter.
  5930 | Temple   | Found a transporter.
  5932 | Temple   | Found a transporter.
  5932 | Temple   | Found a transporter.
  5961 | Temple   | Became a worshipper of Ru the Awakened
  6056 | D:7      | Reached skill level 10 in Polearms
  6321 | D:8      | Noticed a two-headed ogre
  6341 | D:8      | Killed a two-headed ogre
  6342 | D:8      | Reached XP level 10. HP: 42/88 MP: 9/9
  6461 | D:8      | Noticed Pikel
  6475 | D:8      | Killed Pikel
  6940 | D:8      | Gained mutation: You are missing an eye, making it more
                  | difficult to aim. [Ru sacrifice]
  6940 | D:8      | Reached * piety under Ru
  7023 | D:8      | Identified the +3 scale mail "Sumuaski" {Will+ Str+2 Dex+2}
  7050 | D:8      | Found a runed translucent gate.
  7051 | D:8      | Found a runed translucent gate.
  7052 | D:8      | Found a runed translucent gate.
  7052 | D:8      | Noticed a purple ugly thing
  7052 | D:8      | Noticed a glowing orange brain
  7056 | D:8      | Noticed a green ugly thing
  7056 | D:8      | Noticed a purple ugly thing
  7056 | D:8      | Noticed a brown ugly thing
  7056 | D:8      | Noticed a purple ugly thing
  7315 | D:9      | Reached skill level 1 in Stealth
  8230 | D:10     | Entered Level 10 of the Dungeon
  8254 | D:10     | Reached skill level 10 in Armour
  8260 | D:10     | Found a staircase to the Lair.
  8325 | D:10     | Reached XP level 11. HP: 48/97 MP: 10/10
  8326 | D:10     | Noticed Maurice
  8327 | D:10     | Reached skill level 10 in Axes
  8363 | D:10     | Killed Maurice
  8546 | D:10     | Gained mutation: You occasionally lose the ability to read
                  | scrolls when taking damage. [Ru sacrifice]
  8546 | D:10     | Gained mutation: You sometimes lose the ability to read
                  | scrolls when taking damage. [Ru sacrifice]
  8546 | D:10     | Reached ** piety under Ru
  8715 | D:10     | Got the Codex of the Ego
  8741 | D:10     | Got the Compilation of Liberalism
  9040 | Lair:1   | Entered Level 1 of the Lair of Beasts
  9040 | Lair:1   | Noticed Amaemon
  9193 | D:11     | Noticed a sixfirhy
  9226 | D:11     | Noticed a sun demon
  9227 | D:11     | Slain by a sun demon

Illustrated notes

Levels and vault maps discovered:
D:1:      minmay_arrival_widening_spiral_narrow, layout_loops_cross,
          minmay_strange_pillars
D:2:      cheibrodos_fertilizer, layout_basic, basic_altar, serial_shops,
          shop_coins, shop, nicolae_shop_overgrown_old_shop,
          nicolae_shop_behind_doors
D:3:      layout_basic, serial_shops, nicolae_shop_trees
D:4:      layout_cave_pools, gammafunk_temple_overflow_wave
D:5:      layout_basic, serial_glass, glass_columns_a, glass_columns_a,
          grunt_decor_resistance, uniq_duvessa, uniq_menkaure, uniq_eustachio
D:6:      layout_rooms
D:7:      layout_rooms, kennysheep_slug_shrine, minmay_temple_entry_junction,
          enter_bailey_3
D:8:      layout_basic, ploomutoo_gammafunk_ghost_potion_laboratory,
          special_room [special_room_orc], uniq_pikel
D:9:      layout_basic
D:10:     layout_irregular_city, david_lair_generic, uniq_maurice
D:11:     layout_irregular_city, nicolae_figureground_pulse
Temple:   hellmonk_temple_divided_pantheon
Lair:1:   layout_roguey, uniq_amaemon, uniq_joseph, uniq_gastronok

Skill      XL: |  1  2  3  4  5  6  7  8  9 10 11 |
---------------+----------------------------------+-----
Shields        | 4 5 6 |  6.6
Fighting       | 4 5 6 8 9 |  9.9
Armour         | 4 5 6 7 8 10 | 10.9
Axes           | 3 4 5 7 9 10 | 10.7
Dodging        | 1 2 3 |  3.2
Polearms       | 3 5 8 10 | 10.1
Stealth        | 1 |  1.1
Evocations     | |  0.5

Action                     |  1- 3 |  4- 6 |  7- 9 | 10-12 || total
---------------------------+-------+-------+-------+-------++-------
  Melee: War axe           |    49 |    70 |    37 |   314 ||   470
         Headbutt          |     8 |    16 |    48 |    38 ||   110
         Trident           |       |    67 |   275 |       ||   342
         Battleaxe         |       |       |       |     8 ||     8
 Invoke: Sacrifice an Eye  |       |       |       |     1 ||     1
         Sacrifice Words   |       |       |       |     1 ||     1
  Evoke: Wand              |       |       |     6 |     1 ||     7
    Use: Potion            |       |     1 |       |       ||     1
         Scroll            |       |       |     5 |     8 ||    13
   Stab: Sleeping          |       |       |     1 |       ||     1
         Paralysed         |       |       |       |     1 ||     1
 Armour: Scale mail        |    14 |    84 |    40 |       ||   138
         Plate armour      |       |       |    97 |   245 ||   342
         Chain mail        |       |       |     7 |       ||     7
  Dodge: Dodged            |    19 |    62 |   117 |   141 ||   339
  Block: Buckler           |    16 |    22 |    68 |    90 ||   196

Table legend: (Time is in decaauts)
 A = Elapsed time spent in this place.
 B = Non-inter-level travel time spent in this place.
 C = Inter-level travel time spent in this place.
 D = Time resting spent in this place.
 E = Time spent auto-exploring this place.
 F = Levels seen in this place.
 G = Mean time per level.
                   A        B        C        D        E       F      G
               +--------+--------+--------+--------+--------+-----+--------+
         Total |   9276 |   8207 |   1069 |    725 |   5333 |  14 |  662.6 |
       Dungeon |   9075 |   8006 |   1069 |    725 |   5280 |  11 |  825.0 |
        Temple |     52 |     52 |      0 |      0 |      6 |   1 |   52.0 |
          Lair |      1 |      1 |      0 |      0 |      0 |   1 |    1.0 |
        Bailey |    146 |    146 |      0 |      0 |     47 |   1 |  146.0 |
               +--------+--------+--------+--------+--------+-----+--------+

Top non-repeatable levels by time:
     D:5: 1635 daAuts
     D:2: 1304 daAuts
     D:8: 1004 daAuts
     D:9: 971 daAuts
    D:10: 936 daAuts
     D:1: 819 daAuts
     D:3: 788 daAuts
     D:7: 638 daAuts
     D:6: 551 daAuts
     D:4: 361 daAuts
  Bailey: 146 daAuts
    D:11: 64 daAuts
  Temple: 52 daAuts
  Lair:1: 1 daAuts
